 Dungeon Crawl Stone Soup version 0.20.1-1-g8b1a95d (webtiles) character file.

67 ChromeMolly the Skirmisher (level 4, 0/48 HPs)
             Began as an Octopode Fighter on Oct 8, 2017.
             Slain by an adder (2 damage)
             ... on level 4 of the Dungeon.
             The game lasted 00:08:38 (963 turns).

ChromeMolly the Skirmisher (Octopode Fighter)        Turns: 963, Time: 00:08:39

Health: 0/48       AC:  1    Str: 25    XL:     4   Next: 18%
Magic:  4/4        EV: 11    Int: 10    God:
Gold:   71         SH:  9    Dex: 11    Spells: 3/3 levels left

rFire    . . .     SeeInvis .   a - +0 rapier
rCold    . . .     Gourm    .   b - +0 shield
rNeg     . . .     Faith    .   (helmet restricted)
rPois    .         Spirit   .   (no amulet)
rElec    .         Reflect  .   i - +4 ring of strength
rCorr    .         Harm     .   m - ring of protection from magic
MR       +....                  (no ring)
Stlth    ..........             (no ring)
Regen    0.2/turn               (no ring)
MPRegen  0.1/turn               (no ring)
                                (no ring)
                                (no ring)

@: berserking, lethally poisoned (0 -> -15), very quick
A: almost no armour, stealthy swim, amphibious, 8 rings, constrict 8, camouflage
1, gelatinous body 1
a: no special abilities


You were on level 4 of the Dungeon.
You were not hungry.

You visited 1 branch of the dungeon, and saw 3 of its levels.

You collected 71 gold pieces.

Inventory:

Hand Weapons
 a - a +0 rapier (weapon)
Missiles
 k - 72 stones (quivered)
Armour
 b - a +0 shield (worn)
Jewellery
 i - a +4 ring of strength (left tentacle)
 m - a ring of protection from magic (right tentacle)
Scrolls
 j - a scroll of amnesia
 l - a scroll of immolation {unknown}
Potions
 c - a potion of might
 e - a potion of magic
 g - a potion of curing {unknown}
 n - a potion of resistance {unknown}
 p - a potion of heal wounds {unknown}
Comestibles
 d - a bread ration
 h - a meat ration


   Skills:
 + Level 3.6 Fighting
 + Level 2.6 Short Blades
 + Level 3.3 Dodging
 * Level 2.2 Stealth
 + Level 3.2 Shields


You had 3 spell levels left.
You didn't know any spells.

Dungeon Overview and Level Annotations

Branches:
Dungeon (2/15)

Altars:


Innate Abilities, Weirdness & Mutations

You cannot wear most types of armour.
You are very stealthy in the water. (Stealth+)
You are amphibious.
You can wear up to eight rings at the same time.
You can use your tentacles to constrict eight enemies at once.
Your skin changes colour to match your surroundings (Stealth+).
Your rubbery body absorbs attacks. (AC +1, EV +1)


Message History

It was a potion of berserk rage.
A red film seems to cover your vision as you go berserk!
You feel yourself moving faster!
You feel mighty!
* * * LOW HITPOINT WARNING * * *
You feel sick. You block the worker ant's attack. The adder misses you.
The howler monkey hoots and howls with incredible vigour!
You block the worker ant's attack.
Your shield prevents you from hitting the worker ant.
Your grab misses the worker ant.
The worker ant is heavily wounded.
The adder bites you.
* * * LOW HITPOINT WARNING * * *
You are more poisoned.
The adder poisons you! The howler monkey hits you.
* * * LOW HITPOINT WARNING * * *
You hit the worker ant. Your grab misses the worker ant.
The worker ant is severely wounded.
* * * LOW HITPOINT WARNING * * *
You feel sick. The worker ant closely misses you. The adder bites you.
You die...

#....#### .....
...... #......##
.... ...!..
#...#...##
...##.....#
#.......# ........
#.......# .....
##......# #''##
.........##### #...#
.............###hS.#
###.............@a.#
##.........#####..#
#......#### #....
#......# ....#
#........ ....
#.......... ##..
..#......... ##
.##.##....... #.
##....#..


You could see a howler monkey, a worker ant and an adder.

Vanquished Creatures
  Terence (D:2)
  An adder (D:2)
  A dart slug (D:1)
  2 leopard geckos
  2 giant cockroaches (D:1)
  3 hobgoblins
  A quokka (D:2)
  5 ball pythons (D:1)
  3 bats (D:1)
  2 frilled lizards (D:1)
  6 goblins
  2 kobolds
  2 rats
31 creatures vanquished.

Notes
Turn   | Place    | Note
-------+----------+-------------------------------------------
     0 | D:1      | ChromeMolly the Octopode Fighter began the quest for the Orb.
     0 | D:1      | Reached XP level 1. HP: 16/16 MP: 1/1
   143 | D:1      | Reached XP level 2. HP: 16/21 MP: 2/2
   736 | D:2      | Reached XP level 3. HP: 20/26 MP: 3/3
   788 | D:2      | Noticed Terence
   796 | D:2      | Killed Terence
   884 | D:2      | Reached XP level 4. HP: 32/32 MP: 4/4
   929 | D:2      | You fall through a shaft for 2 floors!
   963 | D:4      | HP: 2/48 [poisoned by an adder]
   963 | D:4      | Slain by an adder

Skill      XL: |  1  2  3 |
---------------+----------+-----
Stealth        | 2 |  2.2
Fighting       | |  3.6
Short Blades   | |  2.6
Dodging        | |  3.3
Shields        | |  3.2

Action                   |  1- 3 |  4- 6 || total
-------------------------+-------+-------++-------
Melee: Rapier            |    47 |    15 ||    62
       Constrict         |    12 |     2 ||    14
       Tentacles         |     5 |     5 ||    10
Throw: Stone             |     9 |     1 ||    10
  Use: Scroll            |     4 |       ||     4
       Potion            |       |     1 ||     1
 Stab: Sleeping          |     5 |       ||     5
       Distracted        |     2 |       ||     2
Armor: Skin              |     2 |       ||     2
Dodge: Dodged            |    14 |    10 ||    24
Block: Shield            |    18 |     5 ||    23
